 Dungeon Crawl Stone Soup version 0.29.1-15-g9cfb28693d (webtiles) character file.

Game seed: 9934506913810828652

84 Sanktem7 the Trooper (level 4, -1/40 HPs)
             Began as a Minotaur Fighter on Mar 15, 2023.
             Slain by a gnoll
             ... wielding a +0 spear
              (3 damage)
             ... on level 3 of the Dungeon.
             The game lasted 00:02:10 (1390 turns).

Sanktem7 the Trooper (Minotaur Fighter)             Turns: 1390, Time: 00:02:11

Health: -1/40      AC:  7    Str: 23    XL:     4   Next: 23%
Magic:  3/3        EV:  9    Int:  5    God:
Gold:   123        SH:  4    Dex:  9    Spells: 3/3 levels left

rFire   . . .      SeeInvis .   a - +0 war axe {axe}
rCold   . . .      Faith    .   c - +0 buckler
rNeg    . . .      Spirit   .   b - +0 scale mail
rPois   .          Reflect  .   (helmet restricted)
rElec   .          Harm     .   (no cloak)
rCorr   .          Rampage  .   (no gloves)
Will    .....                   (no boots)
Stlth   ..........              (no amulet)
HPRegen 0.13/turn               (no ring)
MPRegen 0.08/turn               (no ring)

@: no status effects
A: horns 2, retaliatory headbutt
a: no special abilities


You were on level 3 of the Dungeon.
You visited 1 branch of the dungeon, and saw 3 of its levels.

You collected 123 gold pieces.


Innate Abilities, Weirdness & Mutations

You have a pair of horns on your head.
You reflexively headbutt those who attack you in melee.


   Skills:
 + Level 4.2 Fighting
 * Level 3.9 Axes
 + Level 4.2 Armour
 + Level 4.2 Shields


You had 3 spell levels left.
You didn't know any spells.
Your spell library was empty.

Inventory:

Hand Weapons
 a - a +0 war axe (weapon) {axe}
Missiles
 f - 25 stones (quivered) {throwing}
 l - 2 poisoned darts {throwing}
Armour
 b - a +0 scale mail (worn)
 c - a +0 buckler (worn)
Scrolls
 e - 2 scrolls of teleportation {unknown}
 h - 3 scrolls of identify {unknown}
 i - a scroll of enchant armour {unknown}
 j - a scroll of butterflies {unknown}
 k - a scroll of brand weapon {unknown}
 n - a scroll of fear {unknown}
 r - a scroll of vulnerability {unknown}
 t - a scroll of noise {unknown}
Potions
 d - a potion of might
 g - a potion of mutation {unknown}
 m - 3 potions of ambrosia {unknown}
 o - a potion of degeneration {unknown}
 p - a potion of flight {unknown}
 q - a potion of curing {unknown}
 s - a potion of heal wounds {unknown}

Dungeon Overview and Level Annotations

Branches:
Dungeon (3/15) Zot: 16575

Altars:

Annotations:
D:3 Robin, Sigmund

##.## .. .......
. #?..#$ .. ....
... ... <@.. #
#.##.....
#..##g###r.......
#...ggg@rgg......
##.#.g#####......
#. ..... .. ...)
#. ..# # .# .


You could see Sigmund (wandering), Robin, a gnoll, a quokka, 5 goblins and a
rat.


Message History

You closely miss the goblin. Your headbutt misses the goblin.
The goblin hits you but does no damage.
You are poisoned.
Robin throws the goblin at you!
You completely miss the goblin. Your headbutt misses the goblin.
You hit the goblin.
You feel very sick. The goblin completely misses you.
The goblin hits you but does no damage.
Robin hits you from afar with a +0 spear.
A hobgoblin comes into view.
You block the goblin's attack. The goblin hits you but does no damage.
You are more poisoned. 😕 HP[-7]
You take 7 damage, and now have 33/40 hp.
You slash the goblin!
You kill the goblin!
You completely miss the goblin.
You feel very sick. You block Robin's attack.
You block the goblin's attack. 😮 HP[-5]
You take 5 damage, and now have 28/40 hp.
You barely miss the goblin. You headbutt the goblin.
You kill the goblin!
You slash the goblin!
You kill the goblin!
You feel very sick.
Robin hits you but does no damage. 😮 HP[-4]
You take 4 damage, and now have 24/40 hp.
You feel sick.
Robin roars a battlecry!
The goblins go into a battle-frenzy!
A quokka comes into view.
You hear a shout!
There is a stone staircase leading up here.
Items here: )) ††. 😮 HP[-2]
You take 2 damage, and now have 22/40 hp.
A rat comes into view.
You feel sick.
A goblin comes into view. It is wielding a +0 club.
A quokka comes into view. 😨 HP[-2]
You take 2 damage, and now have 20/40 hp.
You slash the hobgoblin!
You kill the hobgoblin!
You feel sick.
The hobgoblin hits you but does no damage. 😨 HP[-1]
You take 1 damage, and now have 19/40 hp.
You hit the hobgoblin. Your headbutt misses the hobgoblin.
You feel sick.
A gnoll comes into view. It is wielding a +0 spear.
The hobgoblin hits you but does no damage. 😨 HP[-1]
You take 1 damage, and now have 18/40 hp.
You hit the hobgoblin but do no damage.
You feel sick.
The quokka bites you but does no damage. 😨 HP[-2]
You take 2 damage, and now have 16/40 hp.
The quokka attacks as you move away! The quokka bites you.
* * * LOW HITPOINT WARNING * * *
You feel sick.
The hobgoblin hits you but does no damage.
The hobgoblin barely misses you. You furiously retaliate!
You headbutt the hobgoblin. Robin throws the goblin at you!
* * * LOW HITPOINT WARNING * * *
There is a stone staircase leading up here.
Items here: )) ††. 😱 HP[-8]
You take 8 damage, and now have 8/40 hp.
You hit the hobgoblin.
You kill the hobgoblin!
You slash the hobgoblin!
You kill the hobgoblin!
You closely miss the goblin.
You feel sick.
You are no longer poisoned.
The goblin hits you with a +0 club.
* * * LOW HITPOINT WARNING * * *
The quokka bites you but does no damage.
The hobgoblin closely misses you. You furiously retaliate!
You headbutt the hobgoblin!
You kill the hobgoblin!
Robin says, "A pitiful Minotaur like you will never find the ORB!"
Robin closely misses you. The goblin closely misses you. 😱 HP[-2]
You take 2 damage, and now have 6/40 hp.
You block the gnoll's attack. Robin hits you with a +0 spear.
* * * LOW HITPOINT WARNING * * *
Things that are here:
a hobgoblin corpse; a hobgoblin corpse; 😱 HP[-3]
You take 3 damage, and now have 3/40 hp.
You barely miss the quokka. You hit Robin. The quokka bites you.
* * * LOW HITPOINT WARNING * * *
The gnoll hits you but does no damage. 😱 HP[-1]
You take 1 damage, and now have 2/40 hp.
You slash Robin! You hit the quokka. The quokka barely misses you.
Sigmund the Dreaded comes into view.
He is wielding a +0 vampiric scythe.
The gnoll hits you from afar with a +0 spear.
You die...

Skill      XL: |  1  2  3 |
---------------+----------+-----
Axes           | 3 |  3.9
Shields        | 4 |  4.2
Armour         | 4 |  4.2
Fighting       | 4 |  4.2

Action                   |  1- 3 |  4- 6 || total
-------------------------+-------+-------++-------
Melee: War axe           |    67 |    18 ||    85
       Headbutt          |    15 |     2 ||    17
Armor: Scale mail        |    43 |    13 ||    56
Dodge: Dodged            |    40 |     9 ||    49
Block: Buckler           |    13 |     7 ||    20

Levels and vault maps discovered:
D:1:      ldierk_walled_garden, layout_rooms
D:2:      layout_loops_ring, shapermc_ecumenical_altar_starsandcircs,
          serial_glass, glass_columns_b, glass_columns_a, glass_columns_a,
          due_unseen_surprise, minmay_misc_feat_hallway, corexii_shack
D:3:      layout_loops_ring, mainiacjoe_overflow_small_starburst,
          wander_ebering_terrifying_dragon_lair, uniq_robin, uniq_sigmund,
          uniq_crazy_yiuf_cottage

Notes
Turn   | Place    | Note
-------+----------+-------------------------------------------
     0 | D:1      | Sanktem7 the Minotaur Fighter began the quest for the Orb.
     0 | D:1      | Reached XP level 1. HP: 19/19 MP: 0/0
     0 | D:1      | magus.rc [v1.9.6]
   173 | D:1      | Reached XP level 2. HP: 27/27 MP: 1/1
   179 | D:1      | Reached skill level 3 in Axes
   322 | D:1      | Reached skill level 4 in Shields
   482 | D:1      | Reached skill level 4 in Armour
   482 | D:1      | Reached XP level 3. HP: 32/33 MP: 2/2
   644 | D:2      | Reached skill level 4 in Fighting
   723 | D:2      | Found a faded altar of an unknown god.
  1023 | D:2      | Reached XP level 4. HP: 40/40 MP: 3/3
  1374 | D:3      | Noticed Robin
  1386 | D:3      | HP: 8/40 [Robin/goblin (3)]
  1388 | D:3      | HP: 3/40 [Robin/+0 spear (3)]
  1390 | D:3      | Noticed Sigmund
  1390 | D:3      | Slain by a gnoll

Vanquished Creatures
  An adder (D:2)
  2 worms (D:2)
  2 dart slugs (D:2)
  6 ball pythons
  2 bats
  3 endoplasms
  2 giant cockroaches
  7 goblins
  11 hobgoblins
  6 jackals
  5 kobolds
  3 quokkas (D:1)
  2 frilled lizards (D:1)
  3 rats
55 creatures vanquished.

Vanquished Creatures (others)
  A plant (D:2)
  5 toadstools (D:1)
6 creatures vanquished.

Grand Total: 61 creatures vanquished

Table legend:
 A = Non-vault XP
 B = Vault XP
 C = Vault XP percentage of total XP
 D = Non-vault monster count
 E = Vault monster count
 F = Vault count percentage of total count
                 A         B        C        D         E       F
            +---------+---------+-------+---------+---------+-------
      Total |     107 |      13 |  10.8 |      48 |       7 |  12.7
            +---------+---------+-------+---------+---------+-------
        D:1 |      42 |       0 |   0.0 |      23 |       0 |   0.0
        D:2 |      63 |       1 |   1.6 |      24 |       1 |   4.0
        D:3 |       2 |      12 |  85.7 |       1 |       6 |  85.7
            +---------+---------+-------+---------+---------+-------

Illustrated notes

Table legend:
 A = Kills in this place as a percentage of kills in entire the game.
 B = Kills by you in this place as a percentage of kills by you in the entire game.
 C = Kills by friends in this place as a percentage of kills by friends in the entire game.
 D = Other kills in this place as a percentage of other kills in the entire game.
 E = Experience gained in this place as a percentage of experience gained in the entire game.
 F = Experience gained in this place divided by the number of levels of this place that you have seen.
                   A       B       C       D       E      F
               +-------+-------+-------+-------+-------+----------------------
         Total | 100.0 | 100.0 |   N/A |   N/A | 100.0 |  40.0
       Dungeon | 100.0 | 100.0 |   N/A |   N/A | 100.0 |  40.0
               +-------+-------+-------+-------+-------+----------------------

Table legend: (Time is in decaauts)
 A = Elapsed time spent in this place.
 B = Non-inter-level travel time spent in this place.
 C = Inter-level travel time spent in this place.
 D = Time resting spent in this place.
 E = Time spent auto-exploring this place.
 F = Levels seen in this place.
 G = Mean time per level.
                   A        B        C        D        E       F      G
               +--------+--------+--------+--------+--------+-----+--------+
         Total |   1423 |   1376 |     47 |      0 |   1116 |   3 |  474.3 |
       Dungeon |   1423 |   1376 |     47 |      0 |   1116 |   3 |  474.3 |
               +--------+--------+--------+--------+--------+-----+--------+

Top non-repeatable levels by time:
     D:2: 800 daAuts
     D:1: 604 daAuts
     D:3: 19 daAuts
